 Dungeon Crawl Stone Soup version 0.29.1-2-gbd0b4ee654 (webtiles) character file.

Game seed: 5709834840817460633

33 jamestheduck25 the Ruffian (level 3, -1/33 HPs)
             Began as a Ghoul Berserker on Nov 18, 2022.
             Was a Follower of Trog.
             Slain by a gnoll
             ... wielding a +0 spear
              (6 damage)
             ... on level 2 of the Dungeon.
             The game lasted 00:00:38 (822 turns).

jamestheduck25 the Ruffian (Ghoul Berserker)         Turns: 822, Time: 00:00:39

Health: -1/33      AC:  2    Str: 21    XL:     3   Next: 29%
Magic:  2/2        EV: 12    Int:  3    God:    Trog [*.....]
Gold:   46         SH:  0    Dex:  8    Spells: 2/2 levels left

rFire   . . .      SeeInvis .     - Unarmed
rCold   + . .      Faith    .   (no shield)
rNeg    + + +      Spirit   .   a - +0 animal skin
rPois   ∞          Reflect  .   (no helmet)
rElec   .          Harm     .   (no cloak)
rCorr   .          Rampage  .   (no gloves)
Will    .....                   (no boots)
Stlth   +.........              (no amulet)
HPRegen 0.00/turn               (no ring)
MPRegen 0.08/turn               (no ring)

@: inhibited regen
A: claws 1, cold resistance 1, negative energy resistance 3, inhibited
regeneration, torment resistance 2, devour on kill
a: Renounce Religion


You were on level 2 of the Dungeon.
You worshipped Trog.
Trog was aware of your devotion.
You visited 1 branch of the dungeon, and saw 2 of its levels.

You collected 46 gold pieces.

Inventory:

Armour
 a - a +0 animal skin (worn)
Scrolls
 b - 2 scrolls of identify {unknown}
 e - a scroll of amnesia {unknown}
Potions
 c - a potion of haste {unknown}
 d - a potion of curing {unknown}


   Skills:
 + Level 3.7 Fighting
 + Level 2.2 Armour
 + Level 2.2 Dodging
 + Level 3.7 Unarmed Combat


You had 2 spell levels left.
You didn't know any spells.
Your spell library was empty.

Dungeon Overview and Level Annotations

Branches:
Dungeon (2/15)

Altars:


Innate Abilities, Weirdness & Mutations

You are immune to poison.
You have sharp fingernails.
Your flesh is cold resistant. (rC+)
You are immune to negative energy. (rN+++)
You do not regenerate when monsters are visible.
You are immune to unholy pain and torment.
You thrive by killing the living.


Message History

The giant cockroach bites you but does no damage.
There are monsters nearby!
You closely miss the gnoll.
The gnoll is heavily wounded.
The gnoll closely misses you. The giant cockroach misses you.
There are monsters nearby!
You scratch the gnoll but do no damage.
The gnoll is heavily wounded.
The giant cockroach bites you but does no damage.
The gnoll barely misses you.
There are monsters nearby!
You scratch the gnoll.
You kill the gnoll!
Trog accepts your kill.
You feel better.
The giant cockroach bites you but does no damage.
The gnoll hits you from afar with a +0 spear.
There are monsters nearby!
You barely miss the giant cockroach. The giant cockroach barely misses you.
The gnoll barely misses you.
There are monsters nearby!
You scratch the gnoll.
The gnoll is heavily wounded.
The giant cockroach misses you. The gnoll hits you with a +0 whip.
The gnoll hits you from afar with a +0 spear.
There are monsters nearby!
You are too injured to fight recklessly!
There are monsters nearby!
You are too injured to fight recklessly!
There are monsters nearby!
You are too injured to fight recklessly!
There are monsters nearby!
You are too injured to fight recklessly!
You closely miss the gnoll.
The gnoll is heavily wounded.
The giant cockroach bites you but does no damage.
The gnoll hits you with a +0 whip.
* * * LOW HITPOINT WARNING * * *
The gnoll hits you from afar with a +0 spear.
You die...

#..###.###..#
##.##.....##$##
#.[#...#...#..#
#..#.<...<.#..#
#..#..._...#..#
..#.#)..#.#..#
.......<......#
....#.....#..##
##..#######@.#
#........Bg.#
#..........g.#
#.##.###.....#
..... #.....#
.. #.....#
#.....# ......#


You could see 2 gnolls and a giant cockroach.

Vanquished Creatures
  A gnoll (D:2)
  2 dart slugs
  An endoplasm (D:1)
  2 giant cockroaches (D:1)
  2 hobgoblins (D:1)
  3 ball pythons (D:1)
  A bat (D:1)
  3 frilled lizards (D:1)
  2 goblins
  4 rats (D:1)
21 creatures vanquished.

Notes
Turn   | Place    | Note
-------+----------+-------------------------------------------
     0 | D:1      | jamestheduck25 the Ghoul Berserker began the quest for the
                  | Orb.
     0 | D:1      | Reached XP level 1. HP: 19/19 MP: 0/0
   201 | D:1      | Reached XP level 2. HP: 26/26 MP: 1/1
   802 | D:2      | Found a faded altar of an unknown god.
   811 | D:2      | Reached XP level 3. HP: 28/31 MP: 2/2
   822 | D:2      | Slain by a gnoll

Illustrated notes

Levels and vault maps discovered:
D:1:      psy_arrival_dodecagon, layout_loops_ring
D:2:      layout_rooms, nicolae_ecumenical_pavilion, minmay_vboxes, uniq_sigmund

Skill      XL: |  1  2 |
---------------+-------+-----
Dodging        | 2 |  2.2
Armour         | 2 |  2.2
Fighting       | |  3.7
Unarmed Combat | |  3.7

Action                   || total
-------------------------++-------
Melee: Unarmed           ||    54
Armor: Animal skin       ||    14
Dodge: Dodged            ||    41
